 Dungeon Crawl Stone Soup version 0.28-a0-1638-g9123634e07 (webtiles) character file.

Game seed: 15419440689741450285

1383 dolemite99 the Cleaver (level 8, 0/58 HPs)
             Began as a Demonspawn Berserker on Jan 25, 2022.
             Was a Follower of Trog.
             Slain by an ogre (14 damage)
             ... on level 5 of the Dungeon.
             The game lasted 00:08:11 (7984 turns).

dolemite99 the Cleaver (Demonspawn Berserker)       Turns: 7984, Time: 00:08:11

Health: 0/58       AC:  6    Str: 20    XL:     8   Next: 40%
Magic:  8/8        EV: 10    Int:  8    God:    Trog [*.....]
Gold:   89         SH:  0    Dex: 13    Spells: 7/7 levels left

rFire   . . .      SeeInvis .   a - +1 hand axe
rCold   . . .      Faith    .   u - orb {light}
rNeg    . . .      Spirit   .   j - +0 scale mail
rPois   .          Reflect  .   (no helmet)
rElec   .          Harm     .   (cloak unavailable)
rCorr   .          Rampage  .   (no gloves)
Will    .....                   (no boots)
Stlth   ..........              (no amulet)
HPRegen 0.19/turn               (no ring)
MPRegen 0.22/turn               (no ring)

@: on berserk cooldown, glowing
A: ignite blood 1, magic regeneration, weakness stinger 3
a: Renounce Religion, Berserk


You were on level 5 of the Dungeon.
You worshipped Trog.
Trog was aware of your devotion.
You visited 1 branch of the dungeon, and saw 7 of its levels.

You collected 144 gold pieces.
You spent 55 gold pieces at shops.

Inventory:

Hand Weapons
 a - a +1 hand axe (weapon)
 b - a +0 hand crossbow
 c - a +1 vampiric dagger
Missiles
 g - 19 sling bullets
 i - 43 stones (quivered)
 q - 17 bolts
Armour
 j - a +0 scale mail (worn)
 l - a +0 animal skin
 u - an orb of light (worn)
Jewellery
 r - a ring of willpower
Wands
 v - a wand of flame (14)
Scrolls
 h - a scroll of fear
 m - 2 scrolls of silence {unknown}
 s - a scroll of vulnerability
 w - a scroll of enchant weapon
Potions
 d - a potion of flight {unknown}
 e - a potion of attraction {unknown}
 f - a potion of degeneration
 k - a potion of berserk rage {unknown}
 n - a potion of invisibility
 p - a potion of resistance {unknown}
 t - a potion of might {unknown}


   Skills:
 - Level 3.0 Fighting
 + Level 9.9 Axes
 - Level 1.7 Armour
 - Level 1.7 Dodging


You had 7 spell levels left.
You didn't know any spells.
Your spell library contained the following spells:

 Spells                   Type           Power      Damage    Failure   Level
 Ensorcelled Hibernation  Hex/Ice        0%         N/A       88%         2
 Passwall                 Tmut/Erth      0%         N/A       88%         2
 Ozocubu's Armour         Ice            0%         N/A       98%         3
 Swiftness                Air            0%         N/A       98%         3
 Metabolic Englaciation   Hex/Ice        0%         N/A       100%        5
 Simulacrum               Ice/Necr       0%         N/A       100%        6


Dungeon Overview and Level Annotations

Branches:
Dungeon (7/15)             Temple (0/1) D:5

Altars:
Ru
Uskayaw

Shops:
D:2 !   D:3 *

Portals:
Abyss: D:4

Annotations:
D:4 2 transporters, RBrandon's ghost, amateur DrDe
D:7 1 transporter, oldriver's ghost, novice NaVM


Innate Abilities, Weirdness & Mutations

Your demonic aura sometimes causes spilled blood to erupt in flames.
You regenerate magic rapidly.
You have a sharp stinger which inflicts weakening toxins.


Message History

You slash the water moccasin!
The water moccasin is severely wounded.
The water moccasin barely misses you.
You barely miss the water moccasin. You tail-slap the water moccasin!
You kill the water moccasin!
Trog accepts your kill.
You barely miss the orc. You slash the orc!
You kill the orc!
Trog accepts your kill.
Things that are here:
a +0 flail; a +0 scale mail; an orc corpse You feel a strong urge to attack something.
Calm down first, please.
Calm down first, please.
An ogre comes into view. It is wielding a +0 giant club.
The ogre shouts!
You feel your anger nearly subside.
You are no longer berserk.
You are exhausted.
You feel yourself slow down.
There is an open door here.
An ogre is nearby!
An ogre is nearby!
The ogre hits you with a +0 giant club!!
Things that are here:
a +0 flail; a +0 scale mail; an orc corpse You feel better.
The ogre barely misses you.
You feel better. The ogre barely misses you.
The ogre hits you with a +0 giant club! The ogre closely misses you.
The ogre closely misses you. The ogre hits you with a +0 giant club!
The ogre barely misses you.
There is an open door here.
The ogre hits you with a +0 giant club!!
* * * LOW HITPOINT WARNING * * *
You feel better.
You feel yourself speed up. The ogre hits you with a +0 giant club!
You die...

........+ ..# #.........#
.######.#...#.# #.##.........#
.# #.#.###.# #.##.........# .#
#.#.# #.# #.##.........# .#
#.#.# #.####.##.........# .#
#[#.# #.#....##.........# )#
#.#.# #.#....##.......[.#
[######.#.###.#O...##.####+####
..............'°@............
.######.#.###.#....##.#######
.# #.#.# #.#....##.# .# #.#.#
#.#....#### .######.#.#
#.#....# .....##.#.# #.#....#
#######.#.# #.#....# #....
..#....# #.# #.####.#


You could see an ogre.

Vanquished Creatures
  Prince Ribbit (D:5)
  Grinder (D:5)
  A water moccasin (D:5)
  2 ice beasts (D:5)
  A black bear (D:4)
  An ogre (D:4)
  A scorpion (D:5)
  A bullfrog skeleton (D:4)
  2 hounds (D:4)
  A centaur skeleton (D:5)
  4 iguanas
  An orc wizard (D:4)
  11 gnolls
  6 adders
  An adder zombie (D:5)
  An adder skeleton (D:4)
  A worm (D:2)
  6 orcs
  8 endoplasms
  A giant cockroach (D:1)
  9 goblins
  4 hobgoblins
  3 jackals (D:4)
  3 kobolds
  9 quokkas
  7 ball pythons
  3 bats
  7 frilled lizards
  4 rats
101 creatures vanquished.

Vanquished Creatures (others)
  2 fungi (D:2)
2 creatures vanquished.

Grand Total: 103 creatures vanquished

Notes
Turn   | Place    | Note
-------+----------+-------------------------------------------
     0 | D:1      | dolemite99 the Demonspawn Berserker began the quest for the
                  | Orb.
     0 | D:1      | Reached XP level 1. HP: 18/18 MP: 1/1
   104 | D:1      | Reached skill level 3 in Axes
   261 | D:1      | Gained mutation: Your demonic aura sometimes causes spilled
                  | blood to erupt in flames. [demonic ancestry]
   261 | D:1      | Reached XP level 2. HP: 20/24 MP: 2/2
  1661 | D:2      | Reached XP level 3. HP: 29/29 MP: 3/3
  1727 | D:2      | Reached skill level 4 in Axes
  1880 | D:2      | Found Xikhluot's Distillery.
  1914 | D:2      | Gained mutation: You have a small tail. [demonic ancestry]
  1914 | D:2      | Reached XP level 4. HP: 29/35 MP: 4/4
  2874 | D:2      | Found a faded altar of an unknown god.
  3208 | D:3      | Found Ramiyrgh's Assorted Antiques.
  3222 | D:3      | Bought a scroll labelled UMOOPSIXIO for 29 gold pieces
  3222 | D:3      | Bought a brown potion for 26 gold pieces
  3302 | D:3      | Reached skill level 5 in Axes
  3422 | D:3      | Found a hide-covered altar of Uskayaw.
  3422 | D:3      | Noticed a +0 spear
  3422 | D:3      | Noticed a +0 dagger
  3422 | D:3      | Noticed a +0 falchion
  3423 | D:3      | Noticed a +0 short sword
  3423 | D:3      | Noticed a +0 falchion
  3424 | D:3      | Noticed a +0 dagger
  3451 | D:3      | Gained mutation: You have a tail ending in a sharp stinger.
                  | [demonic ancestry]
  3451 | D:3      | Reached XP level 5. HP: 36/41 MP: 5/5
  3494 | D:3      | Noticed a +0 short sword
  3497 | D:3      | Noticed a +0 spear
  3589 | D:3      | Upgraded the game from 0.28-a0-1629-gf728b707aa to
                  | 0.28-a0-1638-g9123634e07
  5277 | D:4      | Noticed a black bear
  5287 | D:4      | Killed a black bear
  5288 | D:4      | Reached skill level 6 in Axes
  5288 | D:4      | Gained mutation: You regenerate magic rapidly. [demonic
                  | ancestry]
  5288 | D:4      | Reached XP level 6. HP: 47/47 MP: 6/6
  5398 | D:4      | Found a transporter.
  5501 | D:4      | Found a transporter.
  5918 | D:4      | Found a sacrificial altar of Ru.
  6099 | D:4      | Found a one-way gate to the infinite horrors of the Abyss.
  6099 | D:4      | Noticed RBrandon's ghost (amateur DrDe)
  6124 | D:4      | Reached skill level 7 in Axes
  6405 | D:4      | Gained mutation: You have a sharp stinger which inflicts
                  | weakening toxins. [demonic ancestry]
  6405 | D:4      | Reached XP level 7. HP: 29/52 MP: 7/7
  6829 | D:4      | Reached ** piety under Trog
  6948 | D:4      | You fall into a shaft and drop 3 floors!
  6971 | D:7      | Found a transporter.
  6971 | D:7      | Noticed oldriver's ghost (novice NaVM)
  6999 | D:5      | Entered Level 5 of the Dungeon
  6999 | D:5      | Noticed Grinder
  7000 | D:5      | Noticed Prince Ribbit
  7009 | D:5      | Killed Grinder
  7010 | D:5      | Reached skill level 8 in Axes
  7022 | D:5      | Killed Prince Ribbit
  7023 | D:5      | Reached skill level 9 in Axes
  7023 | D:5      | Reached XP level 8. HP: 27/58 MP: 8/8
  7396 | D:5      | Found a staircase to the Ecumenical Temple.
  7984 | D:5      | Slain by an ogre

Illustrated notes

Levels and vault maps discovered:
D:1:      dpeg_arrival_central, layout_loops_ring
D:2:      layout_loops_corners, serial_shops, shop,
          shapermc_ecumenical_altar_ellora, skrybe_limestone_x,
          minmay_statues_item
D:3:      layout_rooms, nicolae_uskayaw_en_pointe, serial_shops, shop,
          corexii_corridor_pit
D:4:      layout_loops_corners, nicolae_ru_great_annihilating_truth,
          gammafunk_ghost_abyssal_escape
D:5:      layout_basic, minmay_temple_entry_large_hall,
          chequers_serial_rivers_room_a, grunt_ministairs_5, uniq_grinder,
          uniq_prince_ribbit1
D:6:      layout_basic, gammafunk_ghost_icy, portal_sewer_entry_e, uniq_duvessa
D:7:      layout_cave_pools, lemuel_tele_altar, nicolae_overflow_hidden_temple,
          gammafunk_ghost_arena, serial_park, serial_park_square1
          [serial_park_minivault_5x5_1], serial_park_tiny_2, serial_park_square3
          [serial_park_minivault_5x5_8], serial_park_square3
          [serial_park_minivault_5x5_2], lemuel_flame_loot_1

Skill      XL: |  1  2  3  4  5  6  7 |
---------------+----------------------+-----
Axes           | 3 4 5 6 7 9 |  9.9
Fighting       | |  3.0
Armour         | |  1.7
Dodging        | |  1.7

Action                   |  1- 3 |  4- 6 |  7- 9 || total
-------------------------+-------+-------+-------++-------
Melee: Hand axe          |    63 |   119 |    65 ||   247
       Tailslap          |       |    17 |    10 ||    27
       Punch             |       |     1 |       ||     1
 Fire: Hand crossbow     |       |    34 |       ||    34
Throw: Stone             |    23 |    15 |     7 ||    45
Invok: Berserk           |     7 |     8 |     3 ||    18
       Trog's Hand       |       |       |     1 ||     1
  Use: Scroll            |       |     9 |       ||     9
       Potion            |       |       |     3 ||     3
Armor: Scale mail        |    21 |    50 |    24 ||    95
       Animal skin       |     1 |       |       ||     1
Dodge: Dodged            |    28 |    76 |    33 ||   137

Table legend: (Time is in decaauts)
 A = Elapsed time spent in this place.
 B = Non-inter-level travel time spent in this place.
 C = Inter-level travel time spent in this place.
 D = Time resting spent in this place.
 E = Time spent auto-exploring this place.
 F = Levels seen in this place.
 G = Mean time per level.
                   A        B        C        D        E       F      G
               +--------+--------+--------+--------+--------+-----+--------+
         Total |   8149 |   8093 |     56 |   3763 |   3233 |   7 | 1164.1 |
       Dungeon |   8149 |   8093 |     56 |   3763 |   3233 |   7 | 1164.1 |
               +--------+--------+--------+--------+--------+-----+--------+

Top non-repeatable levels by time:
     D:2: 2652 daAuts
     D:4: 1852 daAuts
     D:1: 1595 daAuts
     D:5: 1003 daAuts
     D:3: 995 daAuts
     D:7: 40 daAuts
     D:6: 9 daAuts
